 Dungeon Crawl Stone Soup version 0.18-a0-1121-gb454403 (webtiles) character file.

651 kae the Conjurer (level 7, -5/36 HPs)
             Began as a Tengu Fire Elementalist on Jan 18, 2016.
             Slain by Duvessa
             ... wielding a +0 rapier
              (12 damage)
             ... on level 3 of the Dungeon.
             The game lasted 00:06:09 (4090 turns).

kae the Conjurer (Tengu Fire Elementalist)          Turns: 4090, Time: 00:06:09

Health: -5/36      AC:  2    Str:  8    XL:     7   Next: 53%
Magic:  6/13       EV: 12    Int: 17    God:
Gold:   249        SH:  0    Dex: 15    Spells: 3 memorised, 7 levels left

rFire  . . .     SeeInvis .     h - +0 dagger
rCold  . . .     Gourm    .     a - +0 robe
rNeg   . . .     Faith    .     (no shield)
rPois  .         Spirit   .     (helmet restricted)
rElec  .         Dismiss  .     (no cloak)
rCorr  .         Reflect  .     (no gloves)
SustAt .         Harm     .     (boots unavailable)
MR     .....                    (no amulet)
Stlth  ++........               (no ring)
                                (no ring)

@: not resistant to hostile enchantments, unstealthy
A: beak, talons 3, able to fly 1
a: Fly


You were on level 3 of the Dungeon.
You were not hungry.

You visited 1 branch of the dungeon, and saw 4 of its levels.

You collected 249 gold pieces.

Inventory:

Hand Weapons
 h - a +0 dagger (weapon)
Armour
 a - a +0 robe (worn)
Jewellery
 l - an uncursed ring of magical power {unknown}
 m - an uncursed amulet of dismissal {unknown}
Scrolls
 f - a scroll of enchant weapon {unknown}
 g - a scroll of magic mapping {unknown}
 j - 3 scrolls of identify {unknown}
 n - a scroll of immolation {unknown}
 p - a scroll of noise {unknown}
 q - a scroll of enchant armour {unknown}
 v - a scroll of fog {unknown}
 w - a scroll of remove curse {unknown}
Potions
 e - 2 potions of mutation {unknown}
 i - a potion of brilliance {unknown}
 k - a potion of poison {unknown}
 o - a potion of curing {unknown}
 r - 2 potions of haste
 s - a potion of ambrosia {unknown}
 u - a potion of cure mutation {unknown}
Books
 b - a book of Flames

   Spells                             Type                      Level
   a - Flame Tongue                   Conjuration/Fire             1
   b - Throw Flame                    Conjuration/Fire             2
   c - Conjure Flame                  Conjuration/Fire             3
   d - Inner Flame                    Hexes/Fire                   3
   e - Sticky Flame                   Conjuration/Fire             4
   f - Fireball                       Conjuration/Fire             5
Comestibles
 c - 3 bread rations
 d - 4 meat rations
 t - 2 chunks of flesh


   Skills:
 - Level 2.1 Dodging
 - Level 2.0 Stealth
 + Level 3.7 Spellcasting
 * Level 6.7 Conjurations
 * Level 6.3 Fire Magic


You had 7 spell levels left.
You knew the following spells:

 Your Spells              Type           Power        Failure   Level  Hunger
a - Flame Tongue          Conj/Fire      ####.        1%          1    None
b - Throw Flame           Conj/Fire      ####..       1%          2    ##.....
c - Conjure Flame         Conj/Fire      ####....     4%          3    ###....


Dungeon Overview and Level Annotations

Branches:
Dungeon (4/15)
 Temple: D:4-7

Altars:

Annotations:
D:3 Dowan, Duvessa


Innate Abilities, Weirdness & Mutations

You have a beak for a mouth.
You have claws for feet.
You can fly.


Message History

Duvessa misses you.
Dowan gestures at Duvessa while chanting.
Duvessa seems to speed up.
Duvessa hits you with a rapier!
Casting: Flame Tongue
Confirm with . or Enter, or press ? or * to list all spells.
Aiming: Flame Tongue
Press: ? - help, Shift-Dir - straight line, f/p - Duvessa
Aim: Duvessa, wielding a rapier and wearing a leather armour (heavily wounded, fast)
The flame tongue hits Duvessa.
Duvessa is severely wounded.
Duvessa closely misses you. Duvessa hits you with a rapier.
* * * LOW HITPOINT WARNING * * *
Casting: Flame Tongue
Confirm with . or Enter, or press ? or * to list all spells.
Aiming: Flame Tongue
Press: ? - help, Shift-Dir - straight line, f/p - Duvessa
Aim: Duvessa, wielding a rapier and wearing a leather armour (severely wounded, fast)
The flame tongue misses Duvessa.
Duvessa hits you with a rapier!
You die...

#..#####.#.##................#.#
......................#...####.#
.................#.##.#.).####.#
#.######.#.........##..........#
#.# #.......###.##.......####
#.# #.####..# #.##.......# #.#
#.# #..# #.##.......# #.# #.#
#>.###.##.......# #.# #.#
#...@e....#...#.# #.# #.#
##.####e####.###.# #.#
##.###...###.###...##.#
#.#####.......e..........##.#
.........###...#######...##.#
#.......## ##.......#######.#
######### #######.........#
###########


You could see Duvessa and Dowan.

Vanquished Creatures
  5 big kobolds (D:3)
  A giant frog zombie (D:4)
  An orc priest (D:3)
  An orc wizard (D:3)
  5 gnolls (D:3)
  4 adders
  An ooze (D:2)
  3 worms
  7 orcs (D:3)
  2 giant cockroaches
  7 goblins
  12 hobgoblins
  3 jackals (D:4)
  2 quokkas
  3 ball pythons
  4 bats
  2 giant newts
  43 kobolds (D:3)
  5 rats
111 creatures vanquished.

Notes
Turn   | Place    | Note
--------------------------------------------------------------
     0 | D:1      | kae the Tengu Fire Elementalist began the quest for the Orb.
     0 | D:1      | Reached XP level 1. HP: 10/10 MP: 4/4
   253 | D:1      | Reached XP level 2. HP: 9/15 MP: 6/6
   398 | D:1      | Learned a level 2 spell: Throw Flame
  1009 | D:2      | Reached XP level 3. HP: 19/19 MP: 1/7
  1068 | D:2      | Learned a level 3 spell: Conjure Flame
  1259 | D:2      | Reached skill level 4 in Fire Magic
  1812 | D:3      | Reached XP level 4. HP: 24/24 MP: 3/8
  1972 | D:3      | Gained mutation: You can fly. [Tengu growth]
  1972 | D:3      | Reached XP level 5. HP: 28/28 MP: 5/10
  2092 | D:3      | Noticed a big kobold
  2102 | D:3      | Killed a big kobold
  2102 | D:3      | Reached skill level 5 in Fire Magic
  2238 | D:3      | Reached skill level 5 in Conjurations
  2238 | D:3      | Reached XP level 6. HP: 19/32 MP: 3/11
  3203 | D:3      | Reached XP level 7. HP: 25/36 MP: 7/13
  3257 | D:3      | Reached skill level 6 in Conjurations
  4062 | D:4      | Noticed Dowan
  4065 | D:4      | Noticed Duvessa
  4090 | D:3      | Slain by Duvessa

Vault maps used:
D:1:      dpeg_arrival_simpleton_b, serial_curves, eino_curves_04,
          eino_curves_04
D:2:      st_stairs_4
D:3:      minmay_goblin_kobold_castle, st_stairs_8, grunt_decor_one_mirror
D:4:      temple_green, uniq_duvessa

Action                   |  1- 3 |  4- 6 |  7- 9 || total
-------------------------+-------+-------+-------++-------
Melee: Unarmed           |     5 |       |       ||     5
       Dagger            |    10 |     8 |    13 ||    31
 Cast: Flame Tongue      |    44 |    67 |    56 ||   167
       Throw Flame       |     4 |    17 |     5 ||    26
 Stab: Sleeping          |     2 |     1 |       ||     3
  Eat: Chunk             |     4 |     4 |     4 ||    12
